 Dungeon Crawl Stone Soup version 0.29-a0-837-g174bc33265 (webtiles) character file.

Game seed: 1073225381693906363

633 Garessta the Chopper (level 8, -4/71 HPs)
             Began as a Meteoran Fighter on July 12, 2022.
             Was an Initiate of Gozag.
             Slain by a gnoll bouda
             ... wielding a +0 club
              (9 damage)
             ... on level 5 of the Dungeon.
             The game lasted 00:15:50 (3049 turns).

Garessta the Chopper (Meteoran Fighter)             Turns: 3049, Time: 00:15:50

Health: -4/71      AC: 14    Str: 17 (20) XL:     8   Next: 6%
Magic:  9/9        EV:  4    Int: 13 (16) God:    Gozag
Gold:   376        SH:  4    Dex: 11 (14) Spells: 7/7 levels left

rFire   + . .      SeeInvis .   a - +0 war axe
rCold   . . .      Faith    .   c - +0 buckler
rNeg    . . .      Spirit   .   d - +0 plate armour
rPois   .          Reflect  .   n - +0 helmet
rElec   .          Harm     .   (no cloak)
rCorr   .          Rampage  .   (no gloves)
Will    +....                   q - +1 pair of boots of the Doomed God {Int+7}
Stlth   ..........              l - amulet of regeneration
HPRegen 1.01/turn               o - ring of protection from fire
MPRegen 0.11/turn               (no ring)

@: weakened, gold aura, hasted, glowing, very quick
A: sense surroundings 1, otherworldly, glowing, explore regen
a: Renounce Religion, Potion Petition, Call Merchant, Bribe Branch


You were on level 5 of the Dungeon.
You worshipped Gozag.
Gozag was aware of your devotion.
You visited 1 branch of the dungeon, and saw 6 of its levels.

You collected 1000 gold pieces.
You spent 436 gold pieces at shops.
You paid 188 gold pieces to Gozag.

Inventory:

Hand Weapons
 a - a +0 war axe (weapon)
Missiles
 s - 3 boomerangs (quivered)
Armour
 c - a +0 buckler (worn)
 d - a +0 plate armour (worn)
 n - a +0 helmet (worn)
 q - the +1 pair of boots of the Doomed God (worn) {Int+7}
   (You bought it in a shop on level 4 of the Dungeon)

   Int:       It affects your intelligence (+7).
Jewellery
 h - an amulet of guardian spirit
 l - an amulet of regeneration (around neck)
 o - a ring of protection from fire (left hand)
Scrolls
 f - 7 scrolls of teleportation {unknown}
 g - a scroll of silence {unknown}
 i - 8 scrolls of identify {unknown}
 j - a scroll of noise {unknown}
 m - 2 scrolls of magic mapping {unknown}
 p - a scroll of immolation {unknown}
 r - a scroll of poison {unknown}
Potions
 k - a potion of degeneration
 u - a potion of magic {unknown}


   Skills:
 + Level 6.9 Fighting
 + Level 7.1 Axes
 - Level 3.6 Armour
 - Level 3.6 Shields


You had 7 spell levels left.
You didn't know any spells.
Your spell library contained the following spells:

 Spells                   Type           Power      Damage    Failure   Level
 Sting                    Tmut/Pois      0%         1d3       100%        1
 Poisonous Vapours        Pois/Air       0%         N/A       100%        2
 Olgreb's Toxic Radiance  Pois           0%         N/A       100%        4


Dungeon Overview and Level Annotations

Branches:
Dungeon (6/15) Zot: 647    Temple (0/1) D:4

Altars:
Cheibriados
Gozag
Hepliaklqana

Shops:
D:4 *[[


Innate Abilities, Weirdness & Mutations

You passively map a small area around you.
You are easily found by Zot.
You glow in the dark.
You regain HP and MP as you explore.


Message History

You hit the gnoll.
You kill the gnoll!
You slash the gnoll!
You kill the gnoll!
You feel very sick.
The gnoll bouda gazes fiercely through you!
You feel your attacks grow feeble.
The gnoll bouda hits you but does no damage.
The gnoll sergeant hits you but does no damage.
Unknown command.
Unknown command.
You hit the gnoll bouda but do no damage.
The gnoll bouda is almost dead.
You hit the gnoll sergeant.
You feel very sick.
The gnoll bouda gazes fiercely through you!
You feel as though you will be weak longer.
The gnoll bouda hits you but does no damage.
You block the gnoll sergeant's attack.
The gnoll bouda hits you but does no damage.
Unknown command.
Unknown command.
You barely miss the gnoll bouda.
The gnoll bouda is almost dead.
You hit the gnoll sergeant but do no damage.
You feel very sick. The gnoll sergeant barely misses you.
The gnoll bouda hits you but does no damage.
The gnoll sergeant hits you with a +0 spear!
* * * LOW HITPOINT WARNING * * *
Unknown command.
You feel better.
The gnoll bouda hits you with a +0 club.
* * * LOW HITPOINT WARNING * * *
The gnoll sergeant hits you with a +0 spear.
* * * LOW HITPOINT WARNING * * *
It was a potion of haste.
You feel yourself speed up.
The gnoll bouda hits you with a +0 club!
You die...
Your body crumbles into a pile of gold.

............)......##...........#
............)...............###..
........###)....#########...##...
......### ###..## ♣♣♣♣*###.##...
......# ###.## ♣... ###.....
......#####.###♣♣♣..#*####.#.###.
......##...##♣♣♣.)..#...###...#..
.......##.##♣♣.g$$♣.#...#*#...#..
......).....)...@g..'..). #......
.........#.#♣♣)..♣$.#...# #..##.#
<.###....### ♣♣♣....#...###..####
...##.[.## ###♣♣♣..# ####...#
#...#...)# #.## ♣).. #..#####
##..####.# ##.## ♣♣♣♣ ##.......
#...###.## #..# ####...###..
#.....#[.#####.#### #..##.## ##.
##.....#.....##....####.#...# ##.


You could see a gnoll sergeant and a gnoll bouda.

Vanquished Creatures
  3 scorpions (D:5)
  A hound (D:5)
  An orc priest (D:5)
  2 iguanas
  Robin (D:3)
  12 gnolls
  9 adders
  A white imp (D:5)
  An ufetubus (D:5)
  2 worms
  4 dart slugs
  13 orcs
  8 endoplasms
  A giant cockroach (D:2)
  16 goblins
  7 hobgoblins
  2 jackals (D:1)
  3 quokkas
  8 ball pythons
  7 bats
  3 frilled lizards
  7 kobolds
  7 rats
119 creatures vanquished.

Notes
Turn   | Place    | Note
-------+----------+-------------------------------------------
     0 | D:1      | Garessta the Meteoran Fighter began the quest for the Orb.
     0 | D:1      | Reached XP level 1. HP: 19/19 MP: 2/2
   142 | D:1      | Reached XP level 2. HP: 26/26 MP: 3/3
   214 | D:1      | Reached skill level 3 in Axes
   250 | D:1      | Reached XP level 3. HP: 33/33 MP: 4/4
   473 | D:1      | Glimpsed the power of Zot.
   519 | D:1      | Glimpsed the power of Zot.
   559 | D:1      | Glimpsed the power of Zot.
   569 | D:1      | Touched by the power of Zot.
   670 | D:1      | Glimpsed the power of Zot.
   720 | D:1      | Glimpsed the power of Zot.
   782 | D:2      | Reached XP level 4. HP: 27/27 MP: 5/5
   834 | D:2      | Found an opulent altar of Gozag.
   844 | D:2      | Became a worshipper of Gozag Ym Sagoz the Greedy
  1084 | D:2      | Reached skill level 4 in Axes
  1463 | D:3      | Found a hazy altar of Hepliaklqana.
  1617 | D:3      | Noticed Robin
  1621 | D:3      | Reached XP level 5. HP: 39/39 MP: 6/6
  1647 | D:3      | Killed Robin
  1796 | D:3      | Reached skill level 5 in Fighting
  1796 | D:3      | Found a faded altar of an unknown god.
  1930 | D:4      | Reached XP level 6. HP: 44/54 MP: 7/7
  1931 | D:4      | Reached skill level 5 in Axes
  1948 | D:5      | Entered Level 5 of the Dungeon
  1977 | D:4      | Found Maasucic's General Store.
  2115 | D:4      | Found a snail-covered altar of Cheibriados.
  2120 | D:4      | Found a staircase to the Ecumenical Temple.
  2176 | D:4      | Found Ximoveif's Antique Armour Emporium.
  2204 | D:4      | Found Boarph's Armour Boutique.
  2212 | D:4      | Bought the +1 pair of boots of the Doomed God {Int+7} for
                  | 436 gold pieces
  2472 | D:5      | Reached XP level 7. HP: 51/62 MP: 8/8
  2503 | D:5      | Reached skill level 6 in Axes
  2837 | D:5      | Found an opulent altar of Gozag.
  2892 | D:5      | Reached XP level 8. HP: 68/71 MP: 9/9
  3016 | D:5      | Reached skill level 7 in Axes
  3028 | D:5      | Found the +3 woodcutter's axe {vorpal}
  3049 | D:5      | Slain by a gnoll bouda

Illustrated notes

Levels and vault maps discovered:
D:1:      dpeg_arrival_signposts, layout_loops_ring, minmay_misc_feat_tower,
          amcnicky_mini_rare_corridor_liquid, minivault_14,
          amcnicky_mini_corridor_feature, chequers_serial_rivers_large_a
D:2:      layout_loops_cross, basic_altar
D:3:      layout_basic, lemuel_round_altar,
          shapermc_ecumenical_altar_notcrosses, uniq_robin
D:4:      layout_rooms, cheibriados_altar_1, minmay_temple_entry_butterflies,
          serial_shops, shop, nicolae_shop_advertising_works
          [nicolae_subvault_shop_adworks], nicolae_take_the_stairs
D:5:      layout_cave_pools, mainiacjoe_overflow_concentric_impassable,
          minmay_misc_feat_cross, pf_guarded_unrand_woodcutter
D:6:      cheibrodos_fzero, layout_cave_pools, lemuel_round_altar

Skill      XL: |  1  2  3  4  5  6  7  8 |
---------------+-------------------------+-----
Axes           | 3 4 5 6 7 |  7.1
Fighting       | 4 5 6 |  6.9
Armour         | |  3.6
Shields        | |  3.6

Action                   |  1- 3 |  4- 6 |  7- 9 || total
-------------------------+-------+-------+-------++-------
Melee: War axe           |    71 |   167 |    73 ||   311
Throw: Boomerang         |       |       |     3 ||     3
Invok: Potion Petition   |       |       |     1 ||     1
  Use: Potion            |       |       |     5 ||     5
 Stab: Distracted        |       |     1 |       ||     1
Armor: Scale mail        |    34 |    93 |    33 ||   160
       Plate armour      |       |       |    37 ||    37
Dodge: Dodged            |    18 |    69 |    32 ||   119
Block: Buckler           |    10 |    57 |    29 ||    96

Table legend: (Time is in decaauts)
 A = Elapsed time spent in this place.
 B = Non-inter-level travel time spent in this place.
 C = Inter-level travel time spent in this place.
 D = Time resting spent in this place.
 E = Time spent auto-exploring this place.
 F = Levels seen in this place.
 G = Mean time per level.
                   A        B        C        D        E       F      G
               +--------+--------+--------+--------+--------+-----+--------+
         Total |   3152 |   2851 |    301 |      0 |    958 |   6 |  525.3 |
       Dungeon |   3152 |   2851 |    301 |      0 |    958 |   6 |  525.3 |
               +--------+--------+--------+--------+--------+-----+--------+

Top non-repeatable levels by time:
     D:1: 789 daAuts
     D:5: 689 daAuts
     D:3: 630 daAuts
     D:2: 549 daAuts
     D:4: 492 daAuts
     D:6: 1 daAuts
